Map: Abyssal Reef LE

Players

Ziggy - Winner!

  • Race: Terran Terran
  • Spawn Location: 11:00

ZhuGeLiang

  • Race: Zerg Zerg
  • Spawn Location: 5:00

Event: WCS Montreal 2017

VOD

Have the link to the VOD?

Description

Time

  • Played on: Sept. 8, 2017, 4:15 p.m.
  • Length: 7:25

All games in this series

Show
View Real Time Build Order
Export as new Build Order

Ziggy Terran - Winner!

Build Orders:  

Get SALT Encoding   

  12  0:00  SCV  
  13  0:12  SCV  
  14  0:17  Supply Depot  
  14  0:24  SCV  
  15  0:39  SCV  
  15  0:41  Barracks  
  16  0:45  Refinery  
  16  0:51  SCV  
  17  1:00  Barracks  
  17  1:04  SCV  
  18  1:16  SCV  
  19  1:28  Orbital Command, Reaper  
  20  1:36  Barracks  
  20  1:44  Refinery  
  20  1:48  Reaper  
  21  1:55  Supply Depot  
  21  2:01  SCV  
  22  2:05  Reaper  
  23  2:17  SCV  
  23  2:20  Reaper  
  25  2:26  Reaper  
  25  2:29  SCV  
  27  2:37  Reaper  
  28  2:49  Command Center  
  28  2:52  Reaper  
  28  2:58  Reaper  
  30  3:05  SCV  
  31  3:06  Supply Depot  
  31  3:28  Barracks, SCV, Reaper x2  
  31  3:30  Reaper  
  34  3:47  Barracks, SCV  
  35  3:59  SCV  
  35  4:00  Reaper x2  
  35  4:02  Reaper  
  39  4:03  Orbital Command  
  39  4:11  SCV  
  39  4:14  Refinery  
  40  4:19  Reaper  
  40  4:23  SCV  
  42  4:28  Supply Depot  
  42  4:31  SCV  
  43  4:32  Reaper x2  
  43  4:34  Reaper x2  
  43  4:35  SCV  
  48  4:43  SCV  
  49  4:47  SCV  
  49  4:51  Reaper  
  51  4:55  SCV  
  52  5:04  Reaper x2  
  52  5:06  Reaper  
  55  5:10  Reaper  
  56  5:15  SCV  
  57  5:23  Reaper  
  57  5:34  SCV  
  57  5:35  SCV  
  58  5:36  Reaper x2  
  58  5:38  Reaper  
  58  5:39  Command Center  
  61  5:45  Reaper  
  62  5:52  SCV  
  59  5:57  Reaper  
  59  5:58  SCV  
  59  6:02  Refinery  
  61  6:04  SCV  
  62  6:36  SCV  
  62  6:50  SCV x2, Reaper x5  
  62  6:52  Orbital Command  
  69  7:02  SCV x2  
Show
View Real Time Build Order
Export as new Build Order

ZhuGeLiang Zerg 

Build Orders: Pool First 

Get SALT Encoding   

  12  0:00  Drone  
  13  0:12  Overlord  
  13  0:17  Drone  
  14  0:31  Drone x2  
  14  0:34  Drone  
  17  0:45  Spawning Pool  
  17  0:49  Drone  
  17  0:57  Drone  
  17  0:58  Extractor  
  17  1:14  Hatchery  
  17  1:16  Drone  
  17  1:20  Drone  
  18  1:31  Queen  
  20  1:35  Drone  
  21  1:42  Overlord  
  21  1:49  Drone  
  22  1:59  Metabolic Boost  
  22  2:02  Zergling x2  
  22  2:07  Queen  
  25  2:11  Zergling x2  
  26  2:24  Drone  
  26  2:28  Queen, Drone  
  30  2:36  Overlord  
  30  2:43  Evolution Chamber  
  29  2:49  Zergling x8  
  32  2:55  Zergling x2  
  32  2:56  Zergling x2  
  33  3:06  Zergling x4  
  35  3:15  Zerg Ground Armor Level 1  
  35  3:22  Overlord  
  35  3:27  Drone x3  
  38  3:38  Overlord  
  38  3:41  Zergling x6  
  38  3:42  Zergling x4  
  42  3:49  Drone x2  
  44  4:03  Hatchery  
  44  4:08  Zergling x6  
  46  4:14  Zergling x14  
  53  4:29  Hatchery  
  52  4:34  Zergling x4  
  52  4:35  Zergling x2  
  55  4:44  Overlord  
  55  4:46  Zergling x4  
  56  4:57  Zergling x8  
  57  5:13  Zergling x10  
  57  5:14  Zergling x4  
  62  5:16  Zerg Melee Weapons Level 1  
  54  5:31  Zergling x10  
  54  5:35  Zergling x6  
  56  5:45  Zergling x4  
  57  5:54  Zergling x2  
  47  5:58  Zergling x4  
  45  6:06  Queen  
  45  6:08  Zergling x4  
  47  6:18  Zergling x2  
  46  6:20  Zergling x14  
  48  6:29  Zergling x2  
  48  6:39  Zergling x6  
  46  6:44  Zergling x4  
  45  6:50  Zergling x2  
  41  6:54  Zergling x2  
  41  7:00  Zergling x2  
  43  7:02  Spine Crawler  
  43  7:03  Spine Crawler  
  43  7:04  Spine Crawler  
  43  7:08  Zergling x2  
Tags
 
Add a new tag
Caveats
  • Supply blocks, unpowered buildings, or Contaminate may cause inaccurate times.
  • Supply counts are checked every 10 seconds.